 Dungeon Crawl Stone Soup version 0.26-a0-682-g294304f6e8 (webtiles) character file.

Game seed: 12728360568334797520

(classic levelgen) 29 EnegeticOcto the Digger (level 3, -1/21 HPs)
             Began as a Halfling Earth Elementalist on Oct 20, 2020.
             Was an Initiate of Gozag.
             Slain by a hobgoblin
             ... wielding a +0 club
              (3 damage)
             ... on level 3 of the Dungeon.
             The game lasted 00:02:29 (336 turns).

EnegeticOcto the Digger (HaEE)                       Turns: 336, Time: 00:02:30

Health: -1/21      AC:  2    Str:  9    XL:     3   Next: 32%
Magic:  1/5        EV: 15    Int: 14    God:    Gozag
Gold:   22         SH:  0    Dex: 14    Spells: 4/5 levels left

rFire    + . .     SeeInvis .   g - +0 quarterstaff
rCold    . . .     Faith    .   (shield currently unavailable)
rNeg     . . .     Spirit   .   c - +0 robe
rPois    .         Reflect  .   (no helmet)
rElec    .         Harm     .   (no cloak)
rCorr    .         Rampage  .   (no gloves)
MR       .....                  (no boots)
Stlth    ++........             (no amulet)
HPRegen  0.07/turn              i - ring of protection from fire
MPRegen  0.09/turn              (no ring)

@: gold aura
A: small, mutation resistance 1
a: Potion Petition, Call Merchant, Bribe Branch, Renounce Religion


You were on level 3 of the Dungeon.
You worshipped Gozag.
Gozag was noncommittal.
You visited 1 branch of the dungeon, and saw 3 of its levels.

You collected 46 gold pieces.
You paid 24 gold pieces to Gozag.

Inventory:

Hand Weapons
 g - a +0 quarterstaff (weapon)
Missiles
 b - 14 stones (quivered)
 h - 11 poisoned darts
Armour
 c - a +0 robe (worn)
Jewellery
 i - a ring of protection from fire (left hand)
Scrolls
 d - a scroll of identify {unknown}
 f - a scroll of fear {unknown}
 j - a scroll of remove curse {unknown}
Potions
 a - a potion of brilliance {unknown}
 e - a potion of heal wounds {unknown}
 k - a potion of curing {unknown}


   Skills:
 - Level 2.1 Dodging
 - Level 2.1 Stealth
 - Level 1.5 Spellcasting
   Level 0.5 Transmutations
 + Level 4.2 Earth Magic


You had 4 spell levels left.
You knew the following spells:

 Your Spells              Type           Power        Failure   Level
a - Sandblast             Erth           ##....       4%          1

Your spell library contained the following spells:

 Spells                   Type           Power        Failure   Level
 Passwall                 Tmut/Erth      #.......     14%         2
 Stone Arrow              Conj/Erth      #.....       30%         3
 Petrify                  Tmut/Erth      #.......     67%         4
 Lee's Rapid Deconstruct  Erth           ##........   77%         5


Dungeon Overview and Level Annotations

Branches:
Dungeon (3/15)

Altars:
Gozag
Uskayaw


Innate Abilities, Weirdness & Mutations

You are small and have problems with some larger weapons.
You are somewhat resistant to further mutation.


Message History

(D) Dungeon
Where to? (? - help)
There is a stone staircase leading down here.
You climb downwards.
There is a stone staircase leading up here.
Magic restored.
There is an opulent altar of Gozag here.
You kneel at the altar of Gozag.
Gozag welcomes you!
You pay a service fee of 24 gold.
Found a stone staircase leading down.
There is a stone staircase leading down here.
You climb downwards.
There is a stone staircase leading up here.
A bat comes into view.
A hobgoblin comes into view. It is wielding a +0 club.
The bat completely misses you.
You closely miss the bat. The bat hits you but does no damage.
You hit the bat.
You kill the bat!
Your Earth Magic skill increases to level 4!
You have reached level 3!
Your experience leads to an increase in your attributes!
Increase (s)trength, (i)ntelligence, or (d)exterity?
You feel clever.
The hobgoblin shouts!
You hear an angry hiss.
The hobgoblin becomes distracted by the nearby gold, dreaming of imaginary riches.
The hobgoblin shouts!
An adder comes into view.
The adder hisses angrily.
Found a stone staircase leading up.
You see here 5 gold pieces.
You now have 22 gold pieces (gained 5).
A ball python comes into view.
The hobgoblin is no longer distracted by gold.
The ball python hisses angrily.
Casting: Sandblast (safe; 4% risk of failure)
Confirm with . or Enter, or press ? or * to list all spells.
Aiming: Sandblast (safe; 4% risk of failure)
Press: ? - help, Shift-Dir - straight line, f - adder
Aim: an adder The blast of sand hits the adder.
The adder is severely wounded.
b - 17 stones The ball python becomes distracted by your gold, dreaming of imaginary riches.
Casting: Sandblast (safe; 4% risk of failure)
Confirm with . or Enter, or press ? or * to list all spells.
Aiming: Sandblast (safe; 4% risk of failure)
Press: ? - help, Shift-Dir - straight line, f/p - adder
Aim: an adder (severely wounded)
You miscast Sandblast.
You are very lightly contaminated with residual magic.
Nothing appears to happen.
The ball python hisses angrily.
The adder barely misses you.
Casting: Sandblast (safe; 4% risk of failure)
Confirm with . or Enter, or press ? or * to list all spells.
Aiming: Sandblast (safe; 4% risk of failure)
Press: ? - help, Shift-Dir - straight line, f/p - adder
Aim: an adder (severely wounded)
The blast of sand misses the adder.
b - 16 stones The adder bites you.
Casting: Sandblast (safe; 4% risk of failure)
Confirm with . or Enter, or press ? or * to list all spells.
Aiming: Sandblast (safe; 4% risk of failure)
Press: ? - help, Shift-Dir - straight line, f/p - adder
Aim: an adder (severely wounded)
The blast of sand misses the adder.
b - 15 stones The adder bites you.
Casting: Sandblast (safe; 4% risk of failure)
Confirm with . or Enter, or press ? or * to list all spells.
Aiming: Sandblast (safe; 4% risk of failure)
Press: ? - help, Shift-Dir - straight line, f/p - adder
Aim: an adder (severely wounded)
The blast of sand misses the adder.
b - 14 stones The adder closely misses you. x2
You hit the adder.
The adder is severely wounded.
The ball python is no longer distracted by gold.
The adder bites you.
* * * LOW HITPOINT WARNING * * *
You hit the adder.
You kill the adder!
You hit the hobgoblin but do no damage.
The hobgoblin hits you but does no damage.
The hobgoblin closely misses you.
Your magical contamination has completely faded away.
You closely miss the hobgoblin.
The hobgoblin hits you but does no damage.
You hit the hobgoblin.
The hobgoblin is moderately wounded.
The hobgoblin barely misses you.
You hit the hobgoblin.
The hobgoblin is severely wounded.
The hobgoblin hits you with a +0 club.
You die...
Your body crumbles into a pile of gold.

#######
#..<..#
#...#.#
#.....#
#.#.###
#.....#
#.#.#.#
#...#.#
#@#.# #
#g#.#
.......S..#
###.#..####
.... ##...
.... ...#.
<...#.


You could see a hobgoblin and a ball python.

Vanquished Creatures
  An adder (D:3)
  A dart slug (D:2)
  A leopard gecko (D:2)
  3 bats
  A giant cockroach (D:2)
  3 goblins
  A hobgoblin (D:2)
  2 jackals (D:1)
  A ball python (D:2)
  A frilled lizard (D:1)
  A rat (D:1)
16 creatures vanquished.

Notes
Turn   | Place    | Note
-------+----------+-------------------------------------------
     0 | D:1      | EnegeticOcto the Halfling Earth Elementalist began the
                  | quest for the Orb.
     0 | D:1      | Reached XP level 1. HP: 11/11 MP: 3/3
    53 | D:2      | Found a hide-covered altar of Uskayaw.
    80 | D:2      | Reached XP level 2. HP: 17/17 MP: 1/4
   154 | D:2      | Found an opulent altar of Gozag.
   281 | D:2      | Became a worshipper of Gozag Ym Sagoz the Greedy
   321 | D:3      | Reached skill level 4 in Earth Magic
   321 | D:3      | Reached XP level 3. HP: 8/21 MP: 5/5
   336 | D:3      | Slain by a hobgoblin

Illustrated notes

Levels and vault maps discovered:
D:1:      dpeg_arrival_subterranean_lakeside_camping, layout_basic
D:2:      layout_loops_cross, eat_drink_and_be_merry_uskayaw,
          lemuel_crystal_altar
D:3:      layout_basic

Skill      XL: |  1  2 |
---------------+-------+-----
Earth Magic    | 4 |  4.2
Dodging        | |  2.1
Stealth        | |  2.1
Spellcasting   | |  1.5
Transmutations | |  0.5

Action                   || total
-------------------------++-------
Melee: Quarterstaff      ||    26
 Cast: Sandblast         ||    16
 Stab: Sleeping          ||     1
Armor: Robe              ||     7
Dodge: Dodged            ||    28

Table legend: (Time is in decaauts)
 A = Elapsed time spent in this place.
 B = Non-inter-level travel time spent in this place.
 C = Inter-level travel time spent in this place.
 D = Time resting spent in this place.
 E = Time spent auto-exploring this place.
 F = Levels seen in this place.
 G = Mean time per level.
                   A        B        C        D        E       F      G
               +--------+--------+--------+--------+--------+-----+--------+
         Total |    344 |    321 |     23 |      0 |      0 |   3 |  114.7 |
       Dungeon |    344 |    321 |     23 |      0 |      0 |   3 |  114.7 |
               +--------+--------+--------+--------+--------+-----+--------+

Top non-repeatable levels by time:
     D:2: 223 daAuts
     D:1: 94 daAuts
     D:3: 25 daAuts
